 Dungeon Crawl Stone Soup version 0.31-a0-277-g31ea1f65cc (webtiles) character file.

Game seed: 6143011815150563699

27 ryw the Changeling (level 2, -2/36 HPs)
             Began as a Demigod Shapeshifter on July 16, 2023.
             Succumbed to an adder's poison
             ... on level 2 of the Dungeon.
             The game lasted 00:01:29 (748 turns).

ryw the Changeling (Demigod Shapeshifter)            Turns: 748, Time: 00:01:30

Health: -2/36      AC: 21    Str: 16    XL:     2   Next: 72%
Magic:  4/4        EV:  2    Int: 10    God:
Gold:   47         SH:  0    Dex: 14    Spells: 1/1 levels left

rFire   . .          .
                       - Unarmed
rCold   . . .        (no shield)
rNeg    . . .        a - melded +0 animal skin
rPois   +            (helmet currently unavailable)
rElec   .            (cloak currently unavailable)
rCorr   .            (gloves currently unavailable)
SInv    .            (boots currently unavailable)
Will    .....        (no amulet)
Stlth   +            (no ring)
HPRegen 0.26/turn    (no ring)
MPRegen 0.09/turn

%: no passive effects
@: mighty, lethally poisoned (-2 -> -11), tree-form
A: stationary, stasis, torment immunity, boosted hp, high MP 1, forlorn, divine
attributes
a: no special abilities


You were on level 2 of the Dungeon.
You were a tree.
You visited 1 branch of the dungeon, and saw 2 of its levels.

You collected 47 gold pieces.

Inventory:

Armour
 a - a +0 animal skin (melded)
 e - a +0 helmet
 j - a +0 pair of boots
Jewellery
 i - a ring of see invisible
Talismans
 c - a beast talisman
Scrolls
 f - 2 scrolls of identify {unknown}
 g - a scroll of blinking {unknown}
 h - 2 scrolls of brand weapon {unknown}
 k - a scroll of vulnerability {unknown}


   Skills:
 - Level 2.0 Fighting
 - Level 2.0 Dodging
 + Level 2.3 Unarmed Combat
 + Level 3.0 Shapeshifting


You had one spell level left.
You didn't know any spells.
Your spell library was empty.

Dungeon Overview and Level Annotations

Branches:
Dungeon (2/15)


Innate Abilities, Weirdness & Mutations

You are a tree.
Your roots penetrate the ground, keeping you stationary.
You cannot be teleported.
You are immune to unholy pain and torment.
Your maximum health is greatly increased.
Your equipment is partially melded.
You have an increased reservoir of magic. (+10% MP)
You shall have no god before yourself.
Your divine heritage dramatically boosts your attributes as you level up.


Message History

The adder bites you.
You are poisoned.
The adder poisons you! The adder barely misses you.
You hit the adder.
The adder is moderately wounded.
You feel sick. The adder bites you.
You are more poisoned.
The adder poisons you!
You hit the adder.
The adder is severely wounded.
You feel sick. The adder misses you.
You are too injured to fight recklessly!
You are too injured to fight recklessly!
It was a potion of might.
You feel very mighty all of a sudden.
You feel sick. The adder completely misses you.
You miss the adder.
The adder is severely wounded.
You feel sick. The adder bites you.
You are lethally poisoned!
The adder poisons you! The adder bites you.
* * * LOW HITPOINT WARNING * * *
You are more poisoned.
The adder poisons you!
You hit the adder.
You kill the adder!
* * * LOW HITPOINT WARNING * * *
You feel very sick.
Your Shapeshifting skill increases to level 3!
There is a lethal amount of poison in your body!
Really quaff the potion of lignification?
Your transformation has ended.
You turn into a tree.
Your +0 animal skin melds into your body.
Your roots penetrate the ground.
* * * LOW HITPOINT WARNING * * *
You feel sick.
Unknown command.
There is a lethal amount of poison in your body!
You die...

######################
#.............♣.......
#.#####....###########
#.# #.......<...# #.#
#####.......# #.#
#.......# #.#
#.......# #.#
####.#### #.# #.# #.#
#.#


There were no monsters in sight!

Vanquished Creatures
  An adder (D:2)
  2 endoplasms (D:1)
  A goblin (D:1)
  3 hobgoblins
  2 ball pythons (D:1)
  3 bats
  2 frilled lizards (D:1)
  A kobold (D:1)
  3 rats (D:1)
18 creatures vanquished.

Notes
Turn   | Place    | Note
-------+----------+-------------------------------------------
     0 | D:1      | ryw the Demigod Shapeshifter began the quest for the Orb.
     0 | D:1      | Reached XP level 1. HP: 17/17 MP: 3/3
   385 | D:1      | Reached XP level 2. HP: 24/24 MP: 4/4
   747 | D:2      | Reached skill level 3 in Shapeshifting
   747 | D:2      | HP: 1/36 [poisoned by an adder]
   748 | D:2      | Succumbed to an adder's poison

Illustrated notes

Levels and vault maps discovered:
D:1:      wander_arrival_estate, layout_loops_ring,
          shapermc_ecumenical_altar_mp_urbaneastern
D:2:      layout_basic, basic_altar, serial_park_tiny_2, st_stairs_7

Skill      XL: |  1  2 |
---------------+-------+-----
Fighting       | 2 |  2.0
Dodging        | 2 |  2.0
Unarmed Combat | 2 |  2.3
Shapeshifting  | 3 |  3.0

Action                     || total
---------------------------++-------
  Melee: Unarmed           ||    52
         Punch             ||     2
    Use: Potion            ||     2
   Stab: Sleeping          ||     1
 Armour: Animal skin       ||    14
  Dodge: Dodged            ||    30

Table legend: (Time is in decaauts)
 A = Elapsed time spent in this place.
 B = Non-inter-level travel time spent in this place.
 C = Inter-level travel time spent in this place.
 D = Time resting spent in this place.
 E = Time spent auto-exploring this place.
 F = Levels seen in this place.
 G = Mean time per level.
                   A        B        C        D        E       F      G
               +--------+--------+--------+--------+--------+-----+--------+
         Total |    745 |    730 |     15 |     45 |    529 |   2 |  372.5 |
       Dungeon |    745 |    730 |     15 |     45 |    529 |   2 |  372.5 |
               +--------+--------+--------+--------+--------+-----+--------+

Top non-repeatable levels by time:
     D:1: 669 daAuts
     D:2: 76 daAuts
